Map: Blackpink LE

Players

funsizek - Winner!

  • Race: Zerg Zerg
  • League: Platinum
  • Spawn Location: 1:00

Juxtapose

  • Race: Terran Terran
  • League: Platinum
  • Spawn Location: 7:00

VOD

https://youtu.be/USSm_m7rZhk

Description

I decided to go for my classic Siege Tank push in this match, and was simply outplayed. I knew once it was defeated how the rest of the match was going to go, as my Terran mid-game and beyond tends to be pretty weak.

Time

  • Played on: Feb. 25, 2018, 11:32 a.m.
  • Length: 12:32
Show
View Real Time Build Order
Export as new Build Order

funsizek Zerg - Winner!

Build Orders: Hatch First 

Get SALT Encoding   

  12  0:07  Drone  
  12  0:08  Drone  
  12  0:13  Extractor  
  13  0:16  Drone  
  13  0:20  Extractor  
  13  0:23  Drone  
  16  0:29  Overlord  
  16  0:48  Drone  
  17  0:51  Drone  
  18  1:06  Drone  
  19  1:11  Hatchery  
  19  1:14  Spawning Pool  
  17  1:22  Drone  
  17  1:25  Extractor  
  17  1:27  Drone  
  18  1:35  Overlord  
  18  1:46  Drone  
  19  1:56  Drone  
  19  2:00  Queen  
  22  2:10  Drone  
  23  2:18  Zergling x2  
  24  2:23  Queen  
  24  2:24  Zergling x2  
  27  2:33  Baneling Nest  
  27  2:36  Queen  
  29  2:37  Drone  
  29  2:38  Drone  
  31  2:51  Drone x2  
  31  2:52  Drone  
  33  3:01  Metabolic Boost  
  33  3:05  Drone  
  34  3:06  Drone  
  34  3:11  Hatchery, Overlord  
  34  3:26  Drone x2  
  36  3:27  Evolution Chamber  
  36  3:28  Drone  
  36  3:30  Drone  
  36  3:31  Drone  
  36  3:32  Drone  
  39  3:45  Drone x4  
  39  3:47  Drone, Evolution Chamber  
  43  3:50  Drone  
  43  3:54  Overlord  
  44  4:16  Lair  
  44  4:21  Drone x3  
  44  4:22  Drone x2  
  44  4:23  Drone  
  50  4:31  Spine Crawler  
  50  4:35  Zergling x2  
  50  4:36  Zergling x4  
  50  4:37  Zergling x2  
  50  4:38  Zergling x6  
  55  4:39  Zergling x2  
  57  4:52  Overlord  
  57  4:53  Overlord x2  
  57  4:58  Queen, Extractor  
  58  5:00  Zerg Melee Weapons Level 1  
  56  5:11  Baneling x3  
  56  5:36  Zergling x10  
  56  5:37  Zergling x2  
  56  5:38  Zergling x8, Baneling  
  56  5:40  Baneling x2  
  66  5:44  Zergling x6  
  66  5:45  Zergling x2  
  66  5:46  Zergling x6  
  66  5:47  Zergling x14  
  54  6:04  Zergling x2  
  54  6:05  Zergling x2  
  50  6:19  Drone  
  50  6:20  Drone  
  50  6:21  Drone  
  50  6:23  Drone  
  50  6:24  Drone x4  
  50  6:25  Drone x4  
  62  6:38  Hydralisk Den, Extractor  
  62  6:39  Drone x2  
  62  6:40  Drone  
  62  6:41  Drone  
  62  6:42  Drone  
  62  6:45  Hatchery  
  64  6:49  Drone  
  64  6:50  Drone  
  66  6:54  Hatchery  
  65  7:04  Drone x2, Extractor  
  65  7:06  Overlord x2  
  65  7:07  Overlord  
  66  7:18  Overlord  
  66  7:21  Baneling x3  
  66  7:22  Baneling x10  
  66  7:28  Queen, Extractor  
  67  7:32  Spine Crawler, Drone x3  
  67  7:33  Spine Crawler  
  67  7:35  Spine Crawler, Queen  
  69  7:41  Zerg Melee Weapons Level 2  
  69  7:47  Drone  
  69  7:48  Drone x2  
  69  7:49  Drone x5, Hydralisk  
  69  7:50  Hydralisk  
  81  7:52  Hydralisk  
  81  7:57  Drone x2  
  81  7:58  Drone  
  86  8:15  Hydralisk  
  86  8:16  Hydralisk  
  86  8:17  Hydralisk x2  
  94  8:22  Overlord x3  
  94  8:36  Overlord x2  
  94  8:40  Zerg Ground Armor Level 1  
  94  8:41  Hydralisk x3  
  94  8:45  Hydralisk  
  94  8:47  Zergling x6  
  105  9:04  Extractor  
  105  9:05  Drone x2  
  105  9:06  Drone  
  105  9:07  Drone x5  
  105  9:08  Hydralisk  
  105  9:09  Hydralisk x4  
  122  9:19  Muscular Augments  
  122  9:25  Overlord x2  
  122  9:26  Overlord x2  
  122  9:27  Overlord x2  
  122  9:30  Drone x2, Extractor  
  123  9:31  Drone  
  123  9:33  Drone x2  
  123  9:35  Centrifical Hooks  
  126  9:40  Drone x2  
  126  9:41  Drone x2  
  126  9:42  Drone x3  
  126  9:43  Drone  
  134  9:49  Infestation Pit  
  133  9:57  Zergling x2, Spire  
  133  9:58  Zergling x2  
  133  9:59  Zergling x2  
  136  10:00  Zergling x6  
  136  10:01  Zergling x2  
  136  10:02  Zergling x2  
  140  10:14  Extractor  
  139  10:15  Drone x2  
  139  10:18  Overlord x4  
  141  10:24  Hydralisk  
  141  10:25  Hydralisk x3  
  141  10:26  Hydralisk x4  
  141  10:27  Hydralisk  
  141  10:28  Hydralisk x2  
  159  10:30  Grooved Spines, Baneling  
  159  10:31  Baneling  
  159  10:32  Baneling  
  156  11:01  Drone  
  157  11:12  Hive  
  157  11:16  Hydralisk x3  
  157  11:18  Evolution Chamber  
  162  11:19  Corruptor  
  164  11:27  Extractor  
  164  11:28  Extractor  
  164  11:29  Drone x3  
  164  11:30  Drone  
  164  11:31  Drone x2  
  168  11:34  Corruptor x3  
  168  11:39  Corruptor  
  175  11:52  Spire  
  174  12:00  Corruptor x2  
  178  12:08  Baneling  
  178  12:09  Baneling x7  
  178  12:10  Baneling x2  
  178  12:11  Zergling x2  
Show
View Real Time Build Order
Export as new Build Order

Juxtapose Terran 

Build Orders:  

Get SALT Encoding   

  12  0:01  SCV  
  13  0:13  SCV  
  14  0:24  Supply Depot  
  14  0:25  SCV  
  15  0:45  SCV  
  15  0:47  Barracks  
  16  0:51  Supply Depot  
  16  0:57  SCV  
  16  0:58  Refinery  
  17  1:09  SCV  
  18  1:12  Refinery  
  18  1:21  SCV  
  19  1:34  Orbital Command  
  19  2:02  Barracks Reactor  
  19  2:03  SCV  
  20  2:08  Factory  
  20  2:15  SCV  
  21  2:17  Supply Depot  
  21  2:27  SCV  
  22  2:39  SCV, Engineering Bay  
  22  2:41  Marine x2  
  22  2:43  Supply Depot  
  25  2:52  Factory Tech Lab  
  25  2:59  Marine x2  
  27  3:13  Siege Tank  
  27  3:16  Marine  
  27  3:17  Terran Infantry Weapons Level 1, Marine  
  31  3:34  Marine x2  
  33  3:45  Siege Tank  
  33  3:48  Command Center  
  36  3:52  Marine x2  
  38  4:08  Starport  
  38  4:10  Marine x2  
  40  4:17  Siege Tank  
  43  4:28  Marine x2  
  45  4:42  Supply Depot  
  45  4:46  Marine x2, Starport Reactor  
  50  5:00  Siege Tank  
  50  5:03  Marine x2  
  50  5:05  Supply Depot  
  52  5:16  Terran Infantry Armor Level 1  
  52  5:21  Marine x2  
  52  5:25  Barracks  
  54  5:33  Medivac x2  
  58  6:03  Marine x2  
  34  6:15  Orbital Command  
  34  6:17  SCV  
  33  6:21  Marine x2, Widow Mine  
  33  6:23  Medivac x2  
  41  6:29  SCV  
  42  6:39  Marine x2  
  44  6:41  SCV  
  44  6:42  Widow Mine  
  47  6:51  SCV  
  47  6:53  SCV  
  49  6:57  Marine  
  49  7:01  Viking x2  
  52  7:03  SCV  
  52  7:05  SCV, Barracks Tech Lab  
  52  7:06  Marine  
  57  7:14  Marine  
  57  7:15  SCV  
  59  7:17  SCV  
  59  7:21  Armory  
  60  7:23  Marine  
  60  7:26  Supply Depot  
  60  7:27  SCV  
  60  7:29  SCV  
  63  7:31  Medivac  
  63  7:35  Refinery  
  65  7:38  Refinery  
  65  7:41  SCV  
  65  7:44  Marine x2  
  68  7:46  Stimpack  
  68  7:53  SCV  
  69  8:01  Barracks  
  69  8:05  SCV  
  69  8:11  Marine x2  
  72  8:14  Siege Tank  
  72  8:18  SCV  
  77  8:20  SCV  
  77  8:29  Marine x2  
  77  8:30  SCV  
  77  8:32  SCV  
  81  8:42  SCV  
  81  8:46  Siege Tank  
  85  9:00  Supply Depot  
  85  9:04  Liberator  
  85  9:06  SCV  
  86  9:18  Command Center  
  86  9:19  Barracks Reactor  
  86  9:21  Marine x2  
  86  9:22  Siege Tank  
  94  9:24  Supply Depot  
  94  9:35  Terran Infantry Weapons Level 2  
  94  9:36  Terran Vehicle Weapons Level 1  
  94  9:46  Marine x2  
  94  9:49  Combat Shields  
  94  9:51  Marine  
  97  9:58  Siege Tank  
  100  10:03  Marine  
  101  10:11  Supply Depot  
  101  10:13  Liberator x2  
  101  10:33  Marine  
  101  10:34  Marine x4  
  101  10:35  Supply Depot  
  109  10:51  Marine x2  
  111  11:04  Marine  
  111  11:05  Marine x2  
  111  11:09  Marine x2  
  116  11:13  Orbital Command  
  116  11:14  SCV x2  
  118  11:22  Marine  
  119  11:25  Marine  
  119  11:26  SCV x2, Marine  
  123  11:38  SCV  
  124  11:41  Marine x2  
  126  11:48  Supply Depot  
  126  11:52  Refinery  
  126  11:54  Marine x3  
  126  11:55  Refinery  
  126  11:56  Siege Tank  
  126  11:58  Marine  
  133  12:09  Marine  
  133  12:10  Supply Depot  
Tags
 
Add a new tag
Caveats
  • Supply blocks, unpowered buildings, or Contaminate may cause inaccurate times.
  • Supply counts are checked every 10 seconds.